Map: [ESL] Oceanborn

Players

Classic

  • Race: Protoss Protoss
  • Spawn Location: 5:00

Spirit (souL) - Winner!

  • Race: Terran Terran
  • League: Master
  • Spawn Location: 11:00

Event: IEM Katowice 2024

VOD

Have the link to the VOD?

Description

Time

  • Played on: Dec. 8, 2023, 3:29 p.m.
  • Length: 10:50

All games in this series

Show
View Real Time Build Order
Export as new Build Order

Classic Protoss 

Build Orders: 1 Gate Expand, Oracle Opening, Phoenix Opening, Colossus Rush 

Get SALT Encoding   

  12  0:00  Probe  
  13  0:12  Probe  
  14  0:17  Pylon  
  14  0:24  Probe  
  15  0:35  Gateway  
  15  0:36  Probe (Chrono Boost)  
  16  0:46  Assimilator, Probe (Chrono Boost)  
  17  0:55  Probe  
  18  1:07  Probe  
  19  1:20  Probe  
  19  1:22  Cybernetics Core  
  20  1:31  Pylon  
  20  1:40  Nexus  
  20  1:43  Probe  
  21  1:48  Assimilator  
  21  1:56  Adept (Chrono Boost), Probe  
  24  2:08  Probe  
  25  2:18  Adept (Chrono Boost)  
  25  2:20  Probe  
  28  2:23  Stargate  
  28  2:32  Probe, Warp Gate  
  29  2:42  Adept (Chrono Boost)  
  31  2:52  Pylon, Probe (Chrono Boost)  
  31  2:55  Probe (Chrono Boost)  
  33  3:03  Probe (Chrono Boost)  
  35  3:06  Oracle (Chrono Boost), Probe (Chrono Boost)  
  35  3:08  Probe (Chrono Boost)  
  39  3:15  Probe  
  39  3:18  Probe  
  41  3:26  Robotics Facility  
  41  3:27  Probe  
  41  3:31  Probe  
  43  3:34  Pylon  
  43  3:40  Probe  
  44  3:41  Phoenix  
  46  3:49  Gateway  
  46  3:50  Probe (Chrono Boost)  
  46  3:55  Probe (Chrono Boost)  
  49  4:03  Probe (Chrono Boost)  
  49  4:05  Shield Battery  
  49  4:07  Probe (Chrono Boost)  
  49  4:08  Assimilator, Probe (Chrono Boost)  
  51  4:12  Assimilator  
  51  4:16  Immortal (Chrono Boost), Probe  
  52  4:17  Probe  
  52  4:24  Pylon  
  57  4:29  Probe x2  
  59  4:34  Robotics Bay  
  59  4:41  Probe x2  
  61  4:48  Observer  
  61  4:50  Nexus  
  62  4:53  Pylon  
  62  4:56  Sentry  
  62  4:58  Sentry  
  66  5:00  Probe x2  
  66  5:06  Pylon  
  68  5:12  Probe x2  
  70  5:18  Colossus (Chrono Boost)  
  76  5:24  Probe x2, Pylon  
  78  5:29  Extended Thermal Lance  
  78  5:34  Pylon  
  78  5:37  Probe x2  
  78  5:41  Phoenix  
  82  5:49  Probe x2  
  84  5:52  Pylon  
  84  5:54  Colossus (Chrono Boost)  
  84  6:01  Probe x2  
  84  6:02  Probe  
  93  6:08  Phoenix (Chrono Boost)  
  95  6:13  Probe x2  
  95  6:14  Probe  
  95  6:17  Zealot x2  
  102  6:22  Pylon  
  102  6:23  Assimilator  
  102  6:25  Assimilator  
  102  6:30  Colossus  
  102  6:31  Phoenix (Chrono Boost)  
  102  6:34  Probe x3  
  113  6:42  Zealot x2, Pylon  
  117  6:51  Twilight Council  
  117  6:53  Forge  
  117  6:59  Gateway  
  117  7:00  Probe x2  
  117  7:01  Gateway, Probe  
  120  7:04  Pylon  
  120  7:09  Zealot  
  120  7:10  Zealot  
  121  7:21  Charge  
  121  7:24  Pylon, Colossus  
  121  7:27  Phoenix  
  129  7:35  Protoss Ground Weapons Level 1 (Chrono Boost)  
  129  7:41  Gateway  
  129  7:43  Gateway  
  127  7:45  Gateway  
  127  7:46  Gateway  
  127  7:48  Zealot  
  127  7:49  Zealot  
  131  7:51  Templar Archives  
  131  7:55  Nexus, Phoenix  
  133  7:58  Zealot  
  133  7:59  Zealot  
  133  8:03  Pylon  
  133  8:05  Pylon  
  137  8:07  Observer  
  137  8:13  Zealot x2  
  137  8:15  Warp Prism (Chrono Boost), Pylon  
  137  8:18  Observer, Probe x2  
  146  8:20  Probe  
  146  8:22  Zealot x2  
  148  8:36  Forge  
  148  8:41  High Templar x3  
  148  8:42  High Templar x2  
  148  8:43  High Templar, Zealot  
  148  8:44  Observer, Zealot  
  148  8:45  Probe x3  
  148  8:47  Archon x3  
  168  8:48  Pylon  
  168  9:01  Pylon  
  168  9:02  Probe x3  
  171  9:08  Zealot x2  
  175  9:15  Zealot x6  
  187  9:27  Nexus  
  133  9:42  Stalker x4  
  129  9:46  Zealot x4  
  121  9:55  Colossus (Chrono Boost)  
  121  9:59  Observer  
  103  10:03  Probe x2  
  103  10:04  Probe x2  
  91  10:08  Robotics Facility, Stalker x2  
  91  10:09  Stalker x3  
  91  10:10  Stalker  
  103  10:14  Stalker x2  
  103  10:20  Robotics Facility  
  107  10:33  Zealot x6  
  108  10:37  Zealot x2  
Show
View Real Time Build Order
Export as new Build Order

Spirit Terran - Winner!

Build Orders:  

Get SALT Encoding   

  12  0:00  SCV  
  13  0:12  SCV  
  14  0:17  Supply Depot  
  14  0:24  SCV  
  15  0:39  SCV  
  15  0:41  Barracks  
  16  0:45  Refinery  
  16  0:53  SCV  
  17  1:05  SCV  
  18  1:12  Engineering Bay  
  18  1:17  SCV  
  19  1:28  Marine  
  19  1:29  Orbital Command  
  20  1:46  Reaper  
  21  1:55  SCV  
  21  1:56  Command Center  
  22  2:02  Supply Depot  
  22  2:08  SCV  
  23  2:15  Factory  
  23  2:24  SCV, Marine  
  25  2:31  Bunker  
  25  2:36  SCV  
  26  2:40  Refinery  
  26  2:43  Barracks Reactor  
  26  2:48  SCV  
  27  3:00  SCV  
  27  3:03  Hellion, Starport  
  30  3:08  Orbital Command  
  31  3:12  SCV  
  31  3:20  Marine  
  31  3:22  Marine  
  31  3:24  Cyclone  
  31  3:25  SCV  
  36  3:35  SCV  
  36  3:37  Supply Depot, SCV  
  36  3:38  Marine  
  39  3:41  Viking  
  39  3:47  SCV, Marine  
  43  3:49  SCV  
  44  3:55  Supply Depot  
  44  3:57  Factory Tech Lab  
  44  3:59  SCV  
  44  4:01  SCV  
  45  4:07  Barracks  
  45  4:08  Supply Depot  
  45  4:09  Marine  
  46  4:11  SCV  
  46  4:15  SCV, Marine  
  49  4:21  Starport Tech Lab  
  49  4:23  Barracks, SCV  
  50  4:27  SCV, Marine  
  52  4:32  Siege Tank  
  52  4:33  Marine  
  52  4:35  SCV  
  57  4:39  Engineering Bay  
  57  4:43  SCV  
  57  4:44  Refinery  
  58  4:47  SCV  
  58  4:48  Marine  
  60  4:55  SCV, Refinery  
  60  4:59  Starport Reactor, SCV  
  62  5:04  Stimpack  
  62  5:06  Terran Infantry Weapons Level 1  
  62  5:07  Supply Depot  
  62  5:08  SCV  
  62  5:12  SCV  
  64  5:15  Factory Reactor  
  64  5:16  Supply Depot  
  64  5:19  Marine  
  64  5:20  Marine, SCV  
  67  5:23  Combat Shield  
  67  5:24  SCV  
  67  5:28  Marauder  
  70  5:30  Marauder  
  70  5:32  SCV  
  73  5:36  Supply Depot, SCV  
  73  5:38  Supply Depot, Medivac  
  73  5:40  Medivac  
  78  5:44  Marine  
  78  5:45  Marine  
  78  5:49  Marauder  
  82  5:51  Marauder  
  84  6:01  Command Center, Widow Mine  
  84  6:02  Widow Mine  
  88  6:10  Marine  
  88  6:11  Marine, Marauder  
  91  6:12  Marauder  
  91  6:14  Medivac  
  96  6:25  SCV  
  96  6:26  Supply Depot, SCV  
  96  6:27  Supply Depot  
  96  6:28  Marine  
  96  6:29  Marine  
  96  6:32  Marauder  
  101  6:39  Barracks  
  101  6:40  Barracks, SCV  
  101  6:43  Concussive Shells  
  102  6:47  Marine x2  
  102  6:48  Marauder  
  102  6:49  Widow Mine x2  
  102  6:54  Marauder  
  112  6:56  Supply Depot  
  112  6:57  Supply Depot  
  111  7:03  Terran Infantry Armor Level 1  
  111  7:04  SCV  
  111  7:05  Marine x2  
  111  7:07  SCV  
  114  7:08  Marine  
  114  7:13  Medivac  
  117  7:16  Marauder  
  117  7:17  Medivac  
  117  7:19  SCV  
  117  7:20  Widow Mine  
  117  7:21  SCV  
  117  7:23  Marine x2  
  117  7:27  Marauder  
  117  7:28  Barracks Reactor  
  117  7:29  Barracks Tech Lab  
  121  7:31  SCV  
  115  7:37  Marauder  
  115  7:41  Marine x2  
  115  7:43  Medivac  
  121  7:45  Orbital Command  
  121  7:47  Viking, SCV  
  121  7:49  Marauder  
  126  7:55  Marauder  
  129  7:58  Marine  
  129  7:59  Bunker x2  
  129  8:00  Widow Mine  
  129  8:03  SCV  
  129  8:04  Marine  
  134  8:08  SCV, Ghost Academy  
  134  8:11  SCV, Marauder  
  137  8:13  Viking, Widow Mine  
  137  8:15  SCV  
  142  8:21  Viking  
  142  8:22  Missile Turret, Widow Mine  
  142  8:23  Marine  
  149  8:30  Supply Depot  
  149  8:31  Supply Depot  
  149  8:32  Supply Depot  
  149  8:33  SCV x2  
  149  8:41  SCV, Refinery x2  
  148  8:51  Ghost x3  
  148  8:52  Viking  
  148  8:54  Viking  
  148  8:55  Supply Depot  
  158  8:56  Supply Depot  
  158  9:02  Marine x3  
  161  9:09  Armory, Starport  
  161  9:13  SCV x3  
  164  9:19  Sensor Tower  
  164  9:20  Ghost  
  166  9:25  SCV x2  
  166  9:27  Command Center  
  166  9:28  Viking  
  170  9:35  Marauder, Marine  
  170  9:37  Marauder, Marine  
  170  9:38  Marine  
  153  9:41  Marine  
  153  9:45  Viking  
  150  9:49  Marauder  
  147  9:56  Marine  
  147  9:57  Marauder  
  139  10:02  Marauder, Marine  
  142  10:11  Marauder, Marine  
  142  10:13  SCV  
  146  10:18  Marauder  
  146  10:19  Marine, Widow Mine  
  146  10:20  Marine  
  156  10:24  Marine, Marauder  
  155  10:31  Marine  

Tags
 
Add a new tag
Caveats
  • Supply blocks, unpowered buildings, or Contaminate may cause inaccurate times.
  • Supply counts are checked every 10 seconds.